 Dungeon Crawl Stone Soup version 0.19.0-24-gb05acd6 (webtiles) character file.

56 smedtjen the Firebug (level 3, -5/21 HPs)
             Began as a High Elf Fire Elementalist on Nov 21, 2016.
             Was an Initiate of Makhleb.
             Slain by a gnoll
             ... wielding a +0 spear
              (6 damage)
             ... on level 2 of the Dungeon.
             The game lasted 00:07:21 (1787 turns).

smedtjen the Firebug (High Elf Fire Elementalist)   Turns: 1787, Time: 00:07:22

Health: -5/21      AC:  5    Str:  7    XL:     3   Next: 71%
Magic:  1/8        EV: 15    Int: 19    God:    Makhleb [......]
Gold:   108        SH:  0    Dex: 16    Spells: 2 memorised, 5 levels left

rFire  . . .     SeeInvis .     l - +0 hand axe
rCold  . . .     Gourm    .     j - +0 leather armour (curse)
rNeg   . . .     Faith    .     (no shield)
rPois  +         Spirit   .     (no helmet)
rElec  .         Reflect  .     (no cloak)
rCorr  .         Harm     .     (no gloves)
MR     .....                    r - +1 pair of boots
Stlth  ++........               (no amulet)
                                k - ring of poison resistance
                                d - +3 ring of evasion

@: no status effects
A: no striking features
a: Renounce Religion


You were on level 2 of the Dungeon.
You worshipped Makhleb.
Makhleb was noncommittal.
You were not hungry.

You visited 1 branch of the dungeon, and saw 2 of its levels.

You collected 108 gold pieces.

Inventory:

Hand Weapons
 l - a +0 hand axe (weapon)
Missiles
 i - 20 bolts
 o - 41 arrows
Armour
 a - a +0 robe
 j - a cursed +0 leather armour (worn)
 r - a +1 pair of boots (worn)
Jewellery
 d - a +3 ring of evasion (left hand)
 k - a ring of poison resistance (right hand)
Scrolls
 e - a scroll of amnesia {unknown}
 g - a scroll of enchant armour {unknown}
 h - a scroll of remove curse {unknown}
 m - a scroll of teleportation {unknown}
 q - a scroll of noise {unknown}
 s - 3 scrolls of identify {unknown}
Potions
 f - a potion of agility {unknown}
 p - a potion of haste {unknown}
Books
 b - a book of Flames

   Spells                             Type                      Level
   a - Flame Tongue                   Conjuration/Fire             1
   b - Throw Flame                    Conjuration/Fire             2
   c - Conjure Flame                  Conjuration/Fire             3
   d - Inner Flame                    Hexes/Fire                   3
   e - Sticky Flame                   Conjuration/Fire             4
   f - Fireball                       Conjuration/Fire             5
Comestibles
 c - a bread ration
 n - 6 chunks of flesh
 t - 3 fruits


   Skills:
 + Level 0.2 Axes
 + Level 0.5 Armour
 + Level 2.5 Dodging
 + Level 2.4 Stealth
 + Level 3.1 Spellcasting
 + Level 1.7 Conjurations
 + Level 3.5 Fire Magic


You had 5 spell levels left.
You knew the following spells:

 Your Spells              Type           Power        Failure   Level  Hunger
a - Flame Tongue          Conj/Fire      ##...        10%         1    None
b - Throw Flame           Conj/Fire      ##....       14%         2    ##.....


Dungeon Overview and Level Annotations

Branches:
Dungeon (2/15)

Altars:
Makhleb
Qazlal


Message History

Casting: Flame Tongue
Confirm with . or Enter, or press ? or * to list all spells.
You don't have enough magic to cast that spell.
Unknown command.
You hit the gnoll but do no damage.
The frilled lizard hisses.
The gnoll hits you with a club! The gnoll barely misses you.
You hit the gnoll.
The gnoll is moderately wounded.
The gnoll hits you but does no damage.
The gnoll hits you from afar with a spear!
* * * LOW HITPOINT WARNING * * *
You hit the gnoll.
The gnoll is moderately wounded.
The gnoll misses you. The gnoll hits you with a club.
* * * LOW HITPOINT WARNING * * *
A rat comes into view.
The gnoll completely misses you.
The gnoll hits you from afar with a spear.
You die...

########.... #...........
.##...........
........._..⌠
#........... #...........
. #######.....##.... ...
#........##.......
....w###@######...#.#....
.....lgg.# ###...#....
....g##### ##....... r..
#.##.... . ....#....
........##. ......#####
.#....# . ..#.....


You could see 2 gnolls, a goblin and a frilled lizard.

Vanquished Creatures
  A gnoll (D:2)
  An adder (D:2)
  A worm (D:2)
  A dart slug (D:2)
  A leopard gecko (D:1)
  2 giant cockroaches
  4 goblins
  5 hobgoblins
  4 bats (D:1)
  3 frilled lizards (D:1)
  3 kobolds (D:1)
  5 rats
  A fungus (D:1)
32 creatures vanquished.

Notes
Turn   | Place    | Note
-------+----------+-------------------------------------------
     0 | D:1      | smedtjen the High Elf Fire Elementalist began the quest for the Orb.
     0 | D:1      | Reached XP level 1. HP: 11/11 MP: 4/4
   416 | D:1      | Reached XP level 2. HP: 17/17 MP: 4/6
   420 | D:1      | Learned a level 2 spell: Throw Flame
  1585 | D:2      | Reached XP level 3. HP: 17/21 MP: 0/8
  1587 | D:2      | Found a burning altar of Makhleb.
  1656 | D:2      | Found a stormy altar of Qazlal.
  1658 | D:2      | Became a worshipper of Makhleb the Destroyer
  1785 | D:2      | HP: 1/21 [gnoll/club (2)]
  1787 | D:2      | Slain by a gnoll

Skill      XL: |  1  2  3 |
---------------+----------+-----
Spellcasting   | 3 |  3.1
Axes           | |  0.2
Armour         | |  0.5
Dodging        | |  2.5
Stealth        | |  2.4
Conjurations   | |  1.7
Fire Magic     | |  3.5

Action                   || total
-------------------------++-------
Melee: Unarmed           ||    55
       Hand axe          ||    16
 Cast: Flame Tongue      ||    37
       Throw Flame       ||    10
 Stab: Sleeping          ||     1
  Eat: Meat ration       ||     1
       Chunk             ||     1
Armor: Robe              ||     1
       Leather armour    ||     5
Dodge: Dodged            ||    27
